 Dungeon Crawl Stone Soup version 0.31-a0-836-g3ceb0a68c4 (webtiles) character file.

Game seed: 13767208348887119896

197 redmage the Sneak (level 5, -3/31 HPs)
             Began as an Octopode Earth Elementalist on Sept 27, 2023.
             Killed by divine providence
             ... invoked by an orc priest
              (17 damage)
             ... on level 4 of the Dungeon.
             The game lasted 00:13:22 (3256 turns).

redmage the Sneak (Octopode Earth Elementalist)     Turns: 3256, Time: 00:13:23

Health: -3/31      AC:  1    Str:  7    XL:     5   Next: 75%
Magic:  3/9        EV: 13    Int: 26    God:
Gold:   315        SH:  0    Dex: 12    Spells: 4/10 levels left

rFire   . . .        j - +0 dagger (elec)
rCold   . . .        (no shield)
rNeg    . . .        (helmet restricted)
rPois   .            p - amulet of the acrobat
rElec   .            n - +6 ring of intelligence
rCorr   .            (no ring)
SInv    .            (no ring)
Will    .....        (no ring)
Stlth   +++          (no ring)
HPRegen 0.25/turn    (no ring)
MPRegen 0.11/turn    (no ring)
                     (no ring)

%: acrobat
@: no status effects
A: almost no armour, amphibious, 8 rings, camouflage 1, gelatinous body 1,
(nimble swimmer 1), tentacles
a: no special abilities


You were on level 4 of the Dungeon.
You visited 1 branch of the dungeon, and saw 4 of its levels.

You collected 315 gold pieces.

Inventory:

Hand Weapons
 j - a +0 dagger of electrocution (weapon)
Jewellery
 h - an amulet of reflection
 n - a +6 ring of intelligence (left tentacle)
 p - an amulet of the acrobat (around mantle)
Scrolls
 f - a scroll of enchant armour {unknown}
 o - 2 scrolls of teleportation
Potions
 a - a potion of magic
 b - a potion of might
 c - 4 potions of attraction {unknown}
 d - a potion of ambrosia
 e - a potion of brilliance {unknown}
 i - a potion of mutation
 l - a potion of berserk rage {unknown}


   Skills:
 + Level 1.6 Short Blades
 - Level 2.0 Dodging
 + Level 4.3 Stealth
 + Level 3.0 Spellcasting
 + Level 1.1 Conjurations
 + Level 2.2 Transmutations
 + Level 3.9 Earth Magic


You had 4 spell levels left.
You knew the following spells:

 Your Spells              Type           Power      Damage    Failure   Level
a - Sandblast             Erth           48%        2d12      1%          1
b - Passwall              Tmut/Erth      15%        N/A       4%          2
c - Stone Arrow           Conj/Erth      34%        3d9       10%         3

Your spell library contained the following spells:

 Spells                   Type           Power      Damage    Failure   Level
 Sting                    Tmut/Pois      36%        1d4       6%          1
 Poisonous Vapours        Pois/Air       6%         N/A       14%         2
 Dazzling Flash           Conj/Hex       12%        N/A       22%         3
 Petrify                  Tmut/Erth      19%        N/A       26%         4
 Volatile Blastmotes      Fire/Tloc      6%         2d10      28%         3
 Brom's Barrelling Bould  Conj/Erth      17%        2d4       32%         4
 Olgreb's Toxic Radiance  Pois           3%         N/A       67%         4
 Starburst                Conj/Fire      3%         6d3       100%        6
 Maxwell's Capacitive Co  Air            1%         ∞         100%        8


Dungeon Overview and Level Annotations

Branches:
Dungeon (4/15)
 Temple: D:4-7

Altars:
Makhleb

Shops:
D:1 (


Innate Abilities, Weirdness & Mutations

You cannot wear most types of armour.
You are amphibious.
You can wear up to eight rings at the same time.
Your skin changes colour to match your surroundings (Stealth+).
Your rubbery body absorbs attacks. (AC +1, EV +1)
((You are camouflaged when in or above water. (Stealth+)))
You have tentacles for arms and can constrict up to eight enemies at once.


Message History

Found 4 atropa-tipped darts.
There is an open door here.
There is an open door here.
You open the door.
There is an open door here.
There is an open door here.
There is an open door here.
There is an open door here.
You open the door.
There is an open door here.
You see here a +0 ring mail.
An orc priest is nearby!
The orc priest shouts!
The orc priest casts a cantrip, but nothing happens.
The orc priest calls down the wrath of Beogh upon you.
Pain shoots through your body!
There is an open door here.
Casting: Sandblast (safe; 1% risk of failure)
Confirm with . or Enter, or press ? or * to list all spells.
You can't see any susceptible monsters within range! (Use Z to cast anyway.)
Casting: Sandblast (safe; 1% risk of failure)
Confirm with . or Enter, or press ? or * to list all spells.
Aiming: Stone Arrow (quite dangerous; 10% risk of failure)
Press: ? - help, Shift-Dir - straight line, f - orc priest
Aim: an orc priest, wielding a +0 war axe and wearing a +0 scale mail (72% to hit)
The stone arrow hits the orc priest.
The orc priest is moderately wounded.
The orc priest calls down the wrath of Beogh upon you.
Beogh smites you!
Casting: Stone Arrow (quite dangerous; 10% risk of failure)
Confirm with . or Enter, or press ? or * to list all spells.
Aiming: Stone Arrow (quite dangerous; 10% risk of failure)
Press: ? - help, Shift-Dir - straight line, f/p - orc priest
Aim: an orc priest, wielding a +0 war axe and wearing a +0 scale mail (moderately wounded, 72% to hit)
The stone arrow hits the orc priest.
The orc priest is heavily wounded.
The orc priest mumbles some strange prayers to Beogh against you.
Beogh smites you!
Ouch! That really hurt!
You die...

###.###.#.#.#.####### #.#
#.......#.#.#.# #.#
#.#.###.#.#.#.# ##..
###.#...#.#.#.#.# #...
#.÷.....#.#.#.#.# ###..#
#.#.#####.#.#.#.# ###.....
#.#+#####.#.#.#.# ####...####
##.......#.#.#.#'#### #......#
.........#.#.#..@...# #.#.##.#
.........#.#.#....#.# #.#.##.#
.........#.#.#....#.# #.#.##.#
...............o....###.#.##.#
##..###'###.........##....##.#
....#.....#.........#...####.#
..#.#.....#...........#.# .#
....#.._..#..........##.#
#...#.....#.+#..........#


You could see an orc priest.

Vanquished Creatures
  A hound (D:4)
  A jelly (D:4)
  4 adders
  An ufetubus (D:4)
  2 worms
  2 dart slugs (D:2)
  3 orcs
  6 ball pythons
  9 endoplasms
  8 giant cockroaches
  5 goblins
  6 hobgoblins
  2 jackals (D:3)
  7 quokkas
  6 bats
  6 frilled lizards
  8 kobolds
  6 rats
83 creatures vanquished.

Notes
Turn   | Place    | Note
-------+----------+-------------------------------------------
     0 | D:1      | redmage the Octopode Earth Elementalist began the quest for
                  | the Orb.
     0 | D:1      | Reached XP level 1. HP: 11/11 MP: 3/3
   186 | D:1      | Reached XP level 2. HP: 16/17 MP: 5/5
   213 | D:1      | Reached skill level 3 in Stealth
   509 | D:1      | Learned a level 2 spell: Passwall
   751 | D:1      | Reached XP level 3. HP: 21/21 MP: 6/6
   784 | D:1      | Found Afeaj's Weapon Shop.
  1443 | D:2      | Reached XP level 4. HP: 27/27 MP: 1/7
  1700 | D:2      | Reached skill level 1 in Short Blades
  1867 | D:3      | Learned a level 3 spell: Stone Arrow
  2408 | D:4      | Found a burning altar of Makhleb.
  2505 | D:4      | Reached skill level 4 in Stealth
  2505 | D:4      | Reached XP level 5. HP: 31/31 MP: 6/9
  2646 | D:4      | Reached skill level 1 in Conjurations
  3256 | D:4      | Killed from afar by an orc priest

Illustrated notes

Levels and vault maps discovered:
D:1:      scummos_arrival_star, layout_basic, serial_shops,
          nicolae_shop_waterfront
D:2:      layout_rooms
D:3:      layout_rooms, hangedman_decor_opposing
D:4:      layout_basic, amcnicky_altar_gilded

Skill      XL: |  1  2  3  4  5 |
---------------+----------------+-----
Stealth        | 3 4 |  4.3
Short Blades   | 1 |  1.6
Transmutations | 2 |  2.2
Spellcasting   | 3 |  3.0
Conjurations   | 1 |  1.1
Dodging        | |  2.0
Earth Magic    | |  3.9

Action                     |  1- 3 |  4- 6 || total
---------------------------+-------+-------++-------
  Melee: Mace              |     9 |       ||     9
         Constrict         |     4 |     6 ||    10
         Tentacles         |     3 |     9 ||    12
         Dagger            |    19 |    47 ||    66
         Punch             |     1 |       ||     1
   Cast: Sandblast         |    35 |    26 ||    61
         Passwall          |     6 |     7 ||    13
         Stone Arrow       |       |     2 ||     2
    Use: Scroll            |       |     8 ||     8
   Stab: Sleeping          |    11 |    13 ||    24
 Armour: Skin              |    15 |     8 ||    23
  Dodge: Dodged            |    23 |    29 ||    52
  Block: Other             |     3 |     3 ||     6

Table legend: (Time is in decaauts)
 A = Elapsed time spent in this place.
 B = Non-inter-level travel time spent in this place.
 C = Inter-level travel time spent in this place.
 D = Time resting spent in this place.
 E = Time spent auto-exploring this place.
 F = Levels seen in this place.
 G = Mean time per level.
                   A        B        C        D        E       F      G
               +--------+--------+--------+--------+--------+-----+--------+
         Total |   3286 |   3192 |     94 |    144 |   2331 |   4 |  821.5 |
       Dungeon |   3286 |   3192 |     94 |    144 |   2331 |   4 |  821.5 |
               +--------+--------+--------+--------+--------+-----+--------+

Top non-repeatable levels by time:
     D:1: 1131 daAuts
     D:4: 843 daAuts
     D:2: 668 daAuts
     D:3: 643 daAuts
